 Dungeon Crawl Stone Soup version 0.30-a0-778-g2ef04afb54 (webtiles) character file.

Game seed: 6228790415095014830

2946 funkygono the Arsonist (level 9, -2/47 HPs)
             Began as a Gargoyle Fire Elementalist on Feb 15, 2023.
             Slain by a wight
             ... wielding a +3 scimitar
              (6 damage)
             ... on level 7 of the Dungeon.
             The game lasted 00:11:35 (7982 turns).

funkygono the Arsonist (Gargoyle Fire Elementalist) Turns: 7982, Time: 00:11:36

Health: -2/47      AC: 13    Str: 11    XL:     9   Next: 80%
Magic:  1/20       EV: 12    Int: 21    God:
Gold:   172        SH:  0    Dex: 10    Spells: 13/23 levels left

rFire   . . .      SeeInvis .    g - +1 whip
rCold   + . .      Faith    .    (no shield)
rNeg    + + .      Spirit   .    j - +2 robe {rN+}
rPois   ∞          Reflect  .    (no helmet)
rElec   +          Harm     .    m - +0 cloak
rCorr   .          Rampage  .    t - +0 pair of gloves
Will    .....                    h - +0 pair of boots
Stlth   ++                       (no amulet)
HPRegen 0.27/turn                i - ring of flight
MPRegen 0.17/turn                s - ring of protection from cold

@: flying
A: sickness immunity, AC +6, negative energy resistance 1, electricity
resistance, torment resistance 1, petrification resistance
a: no special abilities


You were on level 7 of the Dungeon.
You visited 1 branch of the dungeon, and saw 7 of its levels.

You collected 221 gold pieces.
You spent 49 gold pieces at shops.

Inventory:

Hand Weapons
 a - a +1 dire flail of protection
 c - a +0 mace
 g - a +1 whip (weapon)
 l - a +3 quarterstaff of chaos
Armour
 h - a +0 pair of boots (worn)
 j - a +2 robe of positive energy (worn)
 m - a +0 cloak (worn)
 q - a +0 leather armour
 t - a +0 pair of gloves (worn)
Magical Staves
 o - a staff of death
 u - a staff of poison
Jewellery
 i - a ring of flight (left hand)
 s - a ring of protection from cold (right hand)
Wands
 x - a wand of roots (8)
 A - a wand of paralysis (8)
 B - a wand of flame (21)
 E - a wand of mindburst (17)
Scrolls
 v - a scroll of teleportation
 w - a scroll of identify
 y - a scroll of fog
Potions
 b - 2 potions of haste
 d - 3 potions of curing
 e - 2 potions of brilliance
 k - 7 potions of might
 n - a potion of cancellation
 p - 2 potions of heal wounds
 r - 2 potions of mutation
 C - a potion of flight {unknown}
 D - a potion of attraction {unknown}
Miscellaneous
 f - a piece from Xom's chessboard (15/15)


   Skills:
 + Level 1.2 Fighting
 + Level 1.5 Maces & Flails
 + Level 3.0 Dodging
 - Level 2.1 Stealth
 + Level 7.9 Spellcasting
 + Level 6.2 Conjurations
 + Level 8.2 Fire Magic


You had 13 spell levels left.
You knew the following spells:

 Your Spells              Type           Power      Damage    Failure   Level
a - Foxfire               Conj/Fire      100%       2x1d9     1%          1
b - Scorch                Fire           86%        2d9       1%          2
c - Kindle Blastsparks    Fire/Tloc/Air  38%        2d13      8%          3
d - Flame Wave            Conj/Fire      38%        2d10      4%          4

Your spell library contained the following spells:

 Spells                   Type           Power      Damage    Failure   Level
 Inner Flame              Hex/Fire       25%        N/A       4%          3
 Iskenderun's Battlesphe  Conj           34%        2d9       17%         5
 Portal Projectile        Hex/Tloc       16%        N/A       24%         3
 Tukima's Dance           Hex            8%         N/A       24%         3
 Blade Hands              Tmut           4%         N/A       92%         5
 Iron Shot                Conj/Erth      10%        9d3       98%         6
 Spellforged Servitor     Conj/Summ      10%        N/A       100%        7


Dungeon Overview and Level Annotations

Branches:
Dungeon (7/15)
 Temple: D:4-7

Altars:
Ashenzari
Qazlal
Sif Muna
Uskayaw
Xom
Zin

Shops:
D:2 [   D:6 *

Annotations:
D:5 3 runed translucent doors, ma3's ghost, novice DjVM


Innate Abilities, Weirdness & Mutations

You are immune to sickness and miasma.
Your stone body is resilient. (AC +6)
You are immune to poison.
You resist negative energy. (rN+)
You are resistant to electric shocks. (rElec)
You are resistant to unholy torment.
You are immune to petrification.


Message History

You finish channelling waves of flame.
Casting: Flame Wave (dangerous; 4% risk of failure)
Confirm with . or Enter, or press ? or * to list all spells.
You conjure some foxfire!
The foxfire hits the wight.
The wight is heavily damaged.
Casting: Foxfire (safe; 1% risk of failure)
Confirm with . or Enter, or press ? or * to list all spells.
Flames lash the wight but do no damage.
The foxfire hits the wight but does no damage.
The wight is heavily damaged.
Unknown command.
The wight attacks as you move away!
The wight hits you with a +3 morningstar of freezing.
The wight freezes you.
Casting: Scorch (safe; 1% risk of failure)
Confirm with . or Enter, or press ? or * to list all spells.
You conjure some foxfire!
The wight hits you but does no damage.
You closely miss the wight.
The wight is heavily damaged.
The foxfire hits the wight.
The wight is heavily damaged.
The foxfire hits the wight but does no damage.
The wight is heavily damaged.
The wight barely misses you.
An orc comes into view. It is wielding a +0 falchion.
You barely miss the wight.
The wight is heavily damaged.
The wight barely misses you.
The wight hits you with a +3 morningstar of freezing.
Unknown command.
The wight attacks as you move away! The wight closely misses you.
The wight attacks as you move away!
The wight hits you with a +3 morningstar of freezing!
* * * LOW HITPOINT WARNING * * *
The wight freezes you.
* * * LOW HITPOINT WARNING * * *
The wight hits you with a +3 scimitar!
* * * LOW HITPOINT WARNING * * *
The wight attacks as you move away! The wight hits you with a +3 scimitar.
You die...

..........######[..#########.
..........'.....>..##......#.
.....(....#####....++...>..'.
..........# #....##......##
..........## #.##.##......+.
...........# #.##.##......##
...........####....##......+.
.........zz.#####.........##
.........##@# #.#....<..#
#######..>..# ...#......[#
..... #o##### #<###.......#
......#)#...# #. #.......#
........)...# # #.......#
............... ........#
...........#### #########
.$.........# ...........#


You could see 2 wights and an orc.

Vanquished Creatures
  Pikel (D:7)
  Grinder (D:4)
  Edmund (D:4)
  3 orc warriors
  3 ogres
  A phantom (D:5)
  2 lemures (D:7)
  A necrophage (D:5)
  7 scorpions
  A wight (D:7)
  A howler monkey (D:4)
  4 hounds
  A jelly (D:6)
  A gnoll bouda (D:6)
  Crazy Yiuf (D:2)
  Jessica (D:2)
  Natasha (thrice) (D:2)
  2 iguanas (D:5)
  11 orc wizards
  15 gnolls
  7 adders
  A white imp (D:6)
  An ufetubus (D:4)
  3 worms
  4 dart slugs
  27 orcs
  8 bats
  5 endoplasms
  5 giant cockroaches
  4 goblins
  7 hobgoblins
  2 jackals (D:5)
  6 kobolds
  3 quokkas
  6 ball pythons
  7 frilled lizards
  4 rats (D:1)
  2 butterflies (D:5)
163 creatures vanquished.

Vanquished Creatures (collateral kills)
  A foxfire (D:5)
1 creature vanquished.

Vanquished Creatures (others)
  601 foxfires
601 creatures vanquished.

Grand Total: 765 creatures vanquished

Notes
Turn   | Place    | Note
-------+----------+-------------------------------------------
     0 | D:1      | funkygono the Gargoyle Fire Elementalist began the quest
                  | for the Orb.
     0 | D:1      | Reached XP level 1. HP: 10/10 MP: 3/3
   137 | D:1      | Reached XP level 2. HP: 15/15 MP: 0/5
   140 | D:1      | Learned a level 2 spell: Scorch
   896 | D:2      | Reached XP level 3. HP: 19/19 MP: 0/6
   905 | D:2      | Learned a level 3 spell: Kindle Blastsparks
  1052 | D:2      | Found Qosho's Armour Shop.
  1052 | D:2      | Noticed Natasha
  1053 | D:2      | Noticed Jessica
  1056 | D:2      | Killed Natasha
  1057 | D:2      | Reached XP level 4. HP: 24/24 MP: 2/8
  1059 | D:2      | Killed Jessica
  1126 | D:2      | Bought a +0 pair of boots for 49 gold pieces
  1357 | D:2      | Reached XP level 5. HP: 28/28 MP: 2/9
  1797 | D:2      | Found a runed translucent door.
  1798 | D:2      | Noticed Crazy Yiuf
  1824 | D:2      | Noticed Natasha
  1831 | D:2      | Killed Natasha
  1896 | D:2      | Noticed Natasha
  1906 | D:2      | Killed Natasha
  1907 | D:2      | Reached skill level 4 in Fire Magic
  2015 | D:2      | Reached XP level 6. HP: 33/33 MP: 6/11
  2020 | D:2      | Learned a level 4 spell: Flame Wave
  2327 | D:2      | Killed Crazy Yiuf
  3022 | D:3      | Found a glowing silver altar of Zin.
  3082 | D:3      | Found a hide-covered altar of Uskayaw.
  3790 | D:4      | Found a stormy altar of Qazlal.
  3814 | D:4      | Noticed Edmund
  3829 | D:4      | Killed Edmund
  3830 | D:4      | Reached skill level 5 in Fire Magic
  3830 | D:4      | Reached XP level 7. HP: 16/37 MP: 6/13
  3847 | D:4      | Noticed Grinder
  3947 | D:4      | Paralysed by Grinder for 3 turns
  3953 | D:4      | Paralysed by Grinder for 2 turns
  3955 | D:4      | Killed Grinder
  3956 | D:4      | Reached skill level 5 in Spellcasting
  4314 | D:4      | Found a broken altar of Ashenzari.
  4345 | D:4      | Reached skill level 1 in Fighting
  4345 | D:4      | Reached XP level 8. HP: 43/43 MP: 9/16
  4464 | D:4      | Reached skill level 6 in Fire Magic
  4918 | D:4      | Identified a scroll of acquirement
  4918 | D:4      | Acquired a book of Power
  5044 | D:5      | Entered Level 5 of the Dungeon
  5044 | D:5      | Found a shimmering altar of Xom.
  5160 | D:5      | Found a runed translucent gate.
  5160 | D:5      | Found a runed translucent gate.
  5161 | D:5      | Found a runed translucent gate.
  5169 | D:5      | Noticed ma3's ghost (novice DjVM)
  5422 | D:5      | Reached skill level 5 in Conjurations
  5758 | D:5      | Reached skill level 1 in Maces & Flails
  6289 | D:6      | Found a shimmering blue altar of Sif Muna.
  6291 | D:6      | Reached skill level 7 in Fire Magic
  6291 | D:6      | Reached XP level 9. HP: 47/47 MP: 13/19
  6467 | D:6      | Found Ted Lia's Assorted Antiques.
  7956 | D:7      | Noticed Pikel
  7968 | D:7      | Killed Pikel
  7969 | D:7      | Reached skill level 8 in Fire Magic
  7982 | D:7      | Slain by a wight

Illustrated notes

Levels and vault maps discovered:
D:1:      heliophobic_arrival_glass_houses, layout_rooms
D:2:      layout_rooms, serial_shops,
          nicolae_shop_temple_entry_statues_fountains, minmay_pentomino_t4,
          uniq_natasha, uniq_crazy_yiuf_cottage, uniq_jessica
D:3:      layout_basic, old_standard_altar, zin_statuary
D:4:      layout_basic, nicolae_qazlal_general_emergency,
          mainiacjoe_overflow_24_doors, uniq_grinder, uniq_edmund
D:5:      layout_rooms, xom_butterflies, gammafunk_ghost_split,
          kennysheep_potato
D:6:      layout_layer_cave, kennysheep_orc_sif_temple, serial_shops, shop,
          minmay_misc_feat_encased, minmay_misc_feat_room, minmay_misc_feat_five
D:7:      layout_basic, mainiacjoe_overflow_brackets,
          mainiacjoe_overflow_catwalk_spiral, minmay_temple_entry_slanted,
          uniq_pikel

Skill      XL: |  1  2  3  4  5  6  7  8  9 |
---------------+----------------------------+-----
Dodging        | 2 3 |  3.0
Spellcasting   | 3 4 5 6 7 |  7.9
Conjurations   | 2 3 4 5 6 |  6.2
Fire Magic     | 4 5 7 8 |  8.2
Fighting       | 1 |  1.2
Maces & Flails | 1 |  1.5
Stealth        | |  2.1

Action                     |  1- 3 |  4- 6 |  7- 9 || total
---------------------------+-------+-------+-------++-------
  Melee: Unarmed           |     8 |       |       ||     8
         Mace              |    13 |       |       ||    13
         Whip              |       |    23 |    31 ||    54
         Punch             |       |       |     1 ||     1
   Cast: Foxfire           |    46 |   123 |   184 ||   353
         Scorch            |     1 |    26 |    38 ||    65
         Flame Wave        |       |       |     3 ||     3
    Use: Scroll            |       |     3 |    12 ||    15
         Potion            |       |     1 |       ||     1
 Armour: Robe              |    17 |    18 |    35 ||    70
  Dodge: Dodged            |    27 |    30 |    52 ||   109

Table legend: (Time is in decaauts)
 A = Elapsed time spent in this place.
 B = Non-inter-level travel time spent in this place.
 C = Inter-level travel time spent in this place.
 D = Time resting spent in this place.
 E = Time spent auto-exploring this place.
 F = Levels seen in this place.
 G = Mean time per level.
                   A        B        C        D        E       F      G
               +--------+--------+--------+--------+--------+-----+--------+
         Total |   8000 |   7739 |    261 |    339 |   6198 |   7 | 1142.9 |
       Dungeon |   8000 |   7739 |    261 |    339 |   6198 |   7 | 1142.9 |
               +--------+--------+--------+--------+--------+-----+--------+

Top non-repeatable levels by time:
     D:6: 1745 daAuts
     D:2: 1486 daAuts
     D:3: 1356 daAuts
     D:4: 1168 daAuts
     D:5: 1053 daAuts
     D:1: 1050 daAuts
     D:7: 139 daAuts
